 Dungeon Crawl Stone Soup version 0.21-a0-278-ga722497 (webtiles) character file.

9283 zero the Spear-Bearer (level 11, -10/108 HPs)
             Began as a Gargoyle Berserker on Sept 21, 2017.
             Was an Elder of Trog.
             Mangled by a komodo dragon (15 damage)
             ... on level 1 of the Lair of Beasts.
             The game lasted 00:18:30 (10653 turns).

zero the Spear-Bearer (Gargoyle Berserker)         Turns: 10653, Time: 00:18:31

Health: -10/108    AC: 25    Str: 29    XL:     11   Next: 44%
Magic:  11/11      EV:  8    Int:  8    God:    Trog [****..]
Gold:   701        SH:  0    Dex:  9    Spells: 10/10 levels left

rFire    . . .     SeeInvis .   H - +0 glaive
rCold    . . .     Gourm    .   (shield currently unavailable)
rNeg     + . .     Faith    .   i - +1 plate armour
rPois    ∞         Spirit   .   (no helmet)
rElec    +         Reflect  .   C - +0 cloak
rCorr    .         Harm     .   F - +0 pair of gloves
MR       .....                  (no boots)
Stlth    ..........             (no amulet)
HPRegen  0.28/turn              (no ring)
MPRegen  0.12/turn              (no ring)

@: berserking, very quick
A: negative energy resistance 1, electricity resistance, unbreathing,
petrification resistance, rot immunity, AC +7
a: Berserk, Trog's Hand, Brothers in Arms, Burn Spellbooks, Renounce Religion


You were on level 1 of the Lair of Beasts.
You worshipped Trog.
Trog was greatly pleased with you.
You were hungry.

You visited 2 branches of the dungeon, and saw 11 of its levels.

You collected 701 gold pieces.

Inventory:

Hand Weapons
 t - a +1 scythe
 H - a +0 glaive (weapon)
 O - a +1 halberd of venom
Missiles
 G - 3 silver javelins (quivered)
Armour
 i - a +1 plate armour (worn)
 B - +0 steam dragon scales
 C - a +0 cloak (worn)
 F - a +0 pair of gloves (worn)
Wands
 h - a wand of flame (8/48)
 n - a wand of confusion (24/48)
 x - a wand of acid (15/15)
 y - a wand of confusion (24/48)
 D - a wand of acid (6/15)
 I - a wand of random effects (18/48)
 L - a wand of paralysis (5/24)
 M - a wand of polymorph (4/24)
 P - a wand of iceblast (9/15)
 Q - a wand of iceblast (4/15)
 S - a wand of lightning (8/15)
Scrolls
 d - 3 scrolls of remove curse
 e - 6 scrolls of teleportation
 p - 4 scrolls of enchant weapon
 r - 6 scrolls of magic mapping
 w - a scroll of fog
 A - 3 scrolls of recharging
 K - a scroll of vulnerability {unknown}
 N - a scroll of identify
 R - a scroll of acquirement {unknown}
 U - a scroll of enchant armour
Potions
 a - 3 potions of heal wounds
 b - 3 potions of might {unknown}
 f - 3 potions of curing
 g - 2 potions of brilliance
 j - a potion of lignification
 k - 4 potions of invisibility {unknown}
 l - a potion of ambrosia {unknown}
 m - 2 potions of degeneration {unknown}
 o - a potion of resistance {unknown}
 q - 2 potions of mutation {unknown}
 s - 2 potions of cancellation {unknown}
 u - 3 potions of agility {unknown}
 v - a potion of magic {unknown}
Books
 E - a book of Callings

   Spells                             Type                      Level
   a - Summon Small Mammal            Summoning                    1
   b - Call Imp                       Summoning                    2
   c - Call Canine Familiar           Summoning                    3
   d - Summon Guardian Golem          Hexes/Summoning              3
   e - Summon Lightning Spire         Summoning/Air                4
   f - Summon Ice Beast               Ice/Summoning                4
   Trog disapproves of the use of such an item.
 J - a Young Poisoner's Handbook

   Spells                             Type                      Level
   a - Sting                          Conjuration/Poison           1
   b - Poisonous Vapours              Poison/Air                   2
   c - Mephitic Cloud                 Conjuration/Poison/Air       3
   d - Olgreb's Toxic Radiance        Poison                       4
   e - Venom Bolt                     Conjuration/Poison           5
   Trog disapproves of the use of such an item.
Comestibles
 c - a bread ration
 z - 6 royal jellies
 T - 3 chunks of flesh


   Skills:
 + Level 10.3 Fighting
 * Level 11.6 Polearms
 + Level 9.7 Armour
 - Level 1.5 Dodging


You had 10 spell levels left.
You didn't know any spells.

Dungeon Overview and Level Annotations

Branches:
Dungeon (10/15)            Temple (0/1) D:5            Lair (1/6) D:9
    Orc (0/2) D:9

Altars:
Gozag
Hepliaklqana
Nemelex Xobeh
Qazlal
Trog
Uskayaw
Yredelemnul


Innate Abilities, Weirdness & Mutations

You are resistant to torment.
Your stone body is resilient. (AC +7)
You are immune to poison.
You resist negative energy. (rN+)
You are resistant to electric shocks. (rElec)
You can survive without breathing.
You are immune to petrification.
You are immune to rotting.


Message History

You are too injured to fight recklessly!
A red film seems to cover your vision as you go berserk!
You feel yourself moving faster!
You feel mighty!
You are feeling hungry.
The komodo dragon bites you!
* * * LOW HITPOINT WARNING * * *
You slice the komodo dragon!!
The komodo dragon is heavily wounded.
You slice the komodo dragon!!
You kill the komodo dragon!
Trog accepts your kill.
You slash the komodo dragon!
The komodo dragon is moderately wounded.
You hit the komodo dragon.
The komodo dragon is moderately wounded.
The komodo dragon bites you but does no damage.
You slash the komodo dragon!
The komodo dragon is heavily wounded.
The komodo dragon bites you!
You die...

......###..##.##..............
......#........##.............
..... #...###...#.............
..... #..#####..#.............
.... #..#$.##................
.... #..#..#P..#.............
####..#...#.............
#..†#...#.............
#..l@#.##............
#...#.###.##............ #.
...#...##......<.....
#..###...#.............
#..#.....#............. ##
#....##.............
#÷####..............
###.#.#...#.####.###..
.#........### #.# #..


You could see a komodo dragon.

Vanquished Creatures
  Pikel (D:6)
  The ghost of vishdafish the Cudgeler, a novice GrFi of Nemelex Xobeh (D:6)
  3 komodo dragons (Lair:1)
  4 hippogriffs
  Sigmund (D:3)
  A yak (D:9)
  2 wyverns (D:9)
  A steam dragon (D:8)
  Edmund (D:4)
  2 water moccasins (Lair:1)
  6 porcupines
  6 ice beasts
  2 black bears
  3 sky beasts
  3 orc warriors
  3 ogres (D:9)
  A necrophage (D:4)
  4 phantoms
  5 centaurs
  3 crocodiles
  5 bullfrogs
  A water moccasin skeleton (D:8)
  A scorpion (D:4)
  5 killer bees (D:9)
  10 wights
  3 howler monkeys (D:9)
  2 crimson imps
  A bullfrog zombie (D:7)
  A quasit (D:8)
  5 orc priests
  10 hounds
  7 orc wizards
  Crazy Yiuf (D:6)
  A jelly (D:9)
  4 bullfrog skeletons
  8 iguanas
  Ijyb (D:4)
  3 worker ants
  A hound zombie (D:7)
  2 hound skeletons
  A howler monkey zombie (D:9)
  4 worker ant zombies
  11 adders
  7 gnolls (D:4)
  4 worms
  2 dart slugs (D:1)
  2 leopard geckos (D:1)
  35 orcs
  6 giant cockroaches
  5 goblins
  7 hobgoblins
  6 jackals
  6 kobolds
  6 quokkas
  A ball python (D:2)
  2 bats (D:1)
  3 frilled lizards
  A jackal skeleton (D:6)
  2 leopard gecko skeletons
  8 rats
  A fungus (D:6)
245 creatures vanquished.

Vanquished Creatures (others)
  A slave (D:6)
  2 centaurs (D:6)
  A hound skeleton (D:6)
  A quokka (D:6)
  20 fungi (D:9)
  4 plants (D:9)
29 creatures vanquished.

Grand Total: 274 creatures vanquished

Notes
Turn   | Place    | Note
-------+----------+-------------------------------------------
     0 | D:1      | zero the Gargoyle Berserker began the quest for the Orb.
     0 | D:1      | Reached XP level 1. HP: 14/14 MP: 1/1
   112 | D:1      | Reached skill level 3 in Polearms
   166 | D:1      | Reached XP level 2. HP: 14/19 MP: 2/2
   693 | D:2      | Reached XP level 3. HP: 19/23 MP: 3/3
  1006 | D:2      | Reached XP level 4. HP: 24/29 MP: 4/4
  1752 | D:3      | Reached ** piety under Trog
  2149 | D:3      | Reached skill level 4 in Polearms
  2223 | D:3      | Noticed Sigmund
  2237 | D:3      | Killed Sigmund
  2237 | D:3      | Reached XP level 5. HP: 31/34 MP: 5/5
  2237 | D:3      | Reached XP level 6. HP: 35/39 MP: 6/6
  2874 | D:4      | Noticed Ijyb
  2886 | D:4      | Killed Ijyb
  2886 | D:4      | Reached skill level 5 in Polearms
  2979 | D:4      | Reached skill level 5 in Fighting
  2987 | D:4      | Reached XP level 7. HP: 21/44 MP: 7/7
  3218 | D:4      | Noticed Edmund
  3232 | D:4      | Killed Edmund
  3487 | D:4      | Reached skill level 6 in Polearms
  3600 | D:4      | HP: 2/44 [gnoll/halberd (7)]
  3605 | D:4      | HP: 2/44 [jackal (2)]
  4221 | D:5      | Entered Level 5 of the Dungeon
  4229 | D:5      | Reached XP level 8. HP: 51/51 MP: 8/8
  4248 | D:5      | Found a staircase to the Ecumenical Temple.
  4262 | D:5      | Found an opulent altar of Gozag.
  4267 | D:5      | Reached skill level 5 in Armour
  4359 | D:5      | Found a basalt altar of Yredelemnul.
  4480 | D:5      | Reached skill level 7 in Polearms
  4613 | D:5      | Reached *** piety under Trog
  5050 | D:6      | Noticed Pikel
  5067 | D:6      | Killed Pikel
  5067 | D:6      | Reached skill level 8 in Polearms
  5067 | D:6      | Reached XP level 9. HP: 57/57 MP: 9/9
  5197 | D:6      | Noticed vishdafish's ghost (novice GrFi)
  5206 | D:6      | Killed vishdafish's ghost
  5357 | D:6      | Reached skill level 9 in Polearms
  5372 | D:6      | Found a stormy altar of Qazlal.
  5372 | D:6      | Found a bloodstained altar of Trog.
  5880 | D:6      | Found a runed door.
  5884 | D:6      | Noticed Crazy Yiuf
  5888 | D:6      | Killed Crazy Yiuf
  5959 | D:7      | Found a hide-covered altar of Uskayaw.
  6025 | D:7      | Reached **** piety under Trog
  6182 | D:7      | Reached XP level 10. HP: 39/64 MP: 10/10
  6213 | D:7      | Found a sparkling altar of Nemelex Xobeh.
  6797 | D:8      | Reached skill level 10 in Polearms
  7737 | D:8      | Paralysed by an orc for 6 turns
  7761 | D:8      | Found a hazy altar of Hepliaklqana.
  8166 | D:9      | Found a staircase to the Lair.
  8372 | D:9      | Reached skill level 11 in Polearms
  8375 | D:9      | Reached XP level 11. HP: 71/71 MP: 11/11
  9223 | D:9      | Found a staircase to the Orcish Mines.
  9243 | D:9      | Reached ***** piety under Trog
  9384 | D:9      | Reached skill level 10 in Fighting
  9394 | D:9      | Received a gift from Trog
  9997 | D:10     | Entered Level 10 of the Dungeon
 10024 | Lair:1   | Entered Level 1 of the Lair of Beasts
 10239 | Lair:1   | Noticed an eight-headed hydra
 10648 | Lair:1   | HP: 4/108 [komodo dragon (8)]
 10653 | Lair:1   | Mangled by a komodo dragon

Vault maps used:
D:1:      scummos_arrival_simple_fountains
D:2:      first_bread, minivault_11
D:3:      uniq_sigmund
D:4:      minmay_wonky_spiral, uniq_edmund, uniq_ijyb
D:5:      minitemple, minmay_temple_entry_overgrown
D:6:      chequers_temple_overflow_statue_of_worship,
          corexii_item_surrounded_by_moat, uniq_crazy_yiuf_cottage, uniq_pikel
D:7:      nicolae_overflow_crystal_walls, nemelex_xobeh_ov_fountains_minmay
D:8:      old_standard_altar, serial_glass, glass_columns_a, glass_columns_b
D:9:      due_lair_maze_entry_diamond
D:10:     uniq_joseph, uniq_snorg
Lair:1:   beast_lair_carwin_large_3, minivault_26

Skill      XL: |  1  2  3  4  5  6  7  8  9 10 11 |
---------------+----------------------------------+-----
Polearms       | 3 4 5 6 8 9 11 | 11.6
Armour         | 3 4 6 7 9 |  9.7
Fighting       | 4 5 7 8 9 10 | 10.3
Dodging        | |  1.5

Action                   |  1- 3 |  4- 6 |  7- 9 | 10-12 || total
-------------------------+-------+-------+-------+-------++-------
Melee: Spear             |   146 |    98 |       |       ||   244
       Scythe            |       |    82 |   453 |    46 ||   581
       Glaive            |       |       |       |   403 ||   403
Invok: Berserk           |     1 |     4 |     6 |     4 ||    15
       Burn Spellbooks   |       |     2 |     1 |     1 ||     4
       Trog's Hand       |       |       |     4 |     2 ||     6
       Brothers in Arms  |       |       |       |     1 ||     1
Evoke: Wand              |       |       |       |     4 ||     4
  Use: Scroll            |       |       |    16 |     1 ||    17
 Stab: Sleeping          |     1 |       |       |       ||     1
  Eat: Chunk             |     1 |     4 |     7 |    17 ||    29
       Meat ration       |       |     1 |       |       ||     1
       Bread ration      |       |       |     3 |       ||     3
       Royal jelly       |       |       |       |     1 ||     1
Armor: Plate armour      |    90 |   137 |   769 |   571 ||  1567
       Animal skin       |     2 |       |       |       ||     2
Dodge: Dodged            |    37 |    81 |   406 |   227 ||   751

Table legend:
 A = Spawn XP
 B = Non-spawn XP
 C = Spawn XP percentage of total XP
 D = Spawn monster count
 E = Non-spawn monster count
 F = Spawn count percentage of total count
 G = Total turns spent on level
                    A         B        C        D         E        F      G
               +---------+---------+-------+---------+---------+-------+---------
         Total |       0 |   13262 |   0.0 |       0 |     244 |   0.0 | 10653
               +---------+---------+-------+---------+---------+-------+---------
           D:1 |       0 |      32 |   0.0 |       0 |      15 |   0.0 |   681
           D:2 |       0 |      66 |   0.0 |       0 |      20 |   0.0 |   910
           D:3 |       0 |     311 |   0.0 |       0 |      28 |   0.0 |  1456
           D:4 |       0 |     772 |   0.0 |       0 |      33 |   0.0 |  1212
           D:5 |       0 |     550 |   0.0 |       0 |       9 |   0.0 |   694
           D:6 |       0 |    2359 |   0.0 |       0 |      26 |   0.0 |  1108
           D:7 |       0 |    1074 |   0.0 |       0 |      26 |   0.0 |   587
           D:8 |       0 |    1628 |   0.0 |       0 |      25 |   0.0 |  1340
           D:9 |       0 |    4246 |   0.0 |       0 |      47 |   0.0 |  2034
        Lair:1 |       0 |    2224 |   0.0 |       0 |      15 |   0.0 |   629
               +---------+---------+-------+---------+---------+-------+---------
